 Dungeon Crawl Stone Soup version 0.18-a0-1060-g4fac74f (webtiles) character file.

302 namelastname112 the Insei (level 6, -4/45 HPs)
             Began as a Draconian Wizard on Jan 12, 2016.
             Slain by Prince Ribbit (6 damage)
             ... on level 5 of the Dungeon.
             The game lasted 00:06:48 (2776 turns).

namelastname112 the Insei (Draconian Wizard)        Turns: 2776, Time: 00:06:50

Health: -4/45      AC:  7    Str:  9    XL:     6   Next: 14%
Magic:  4/10       EV: 12    Int: 19    God:
Gold:   143        SH:  0    Dex: 11    Spells: 4 memorised, 2 levels left

rFire  . . .     SeeInvis .     i - +1 dagger (venom)
rCold  . . .     Gourm    .     (armour unavailable)
rNeg   . . .     Faith    .     (no shield)
rPois  .         Spirit   .     a - +0 hat
rElec  .         Dismiss  .     m - +0 cloak (curse)
rCorr  .         Reflect  .     (no gloves)
SustAt .         Harm     .     (no boots)
MR     .....                    f - amulet of regeneration
Stlth  ++........               (no ring)
                                n - ring of flight

@: not resistant to hostile enchantments, unstealthy
A: unfitting armour, cold-blooded, AC +6
a: Evoke Flight


You were on level 5 of the Dungeon.
You were not hungry.

You visited 1 branch of the dungeon, and saw 5 of its levels.

You collected 143 gold pieces.

Inventory:

Hand Weapons
 i - a +1 dagger of venom (weapon)
Armour
 a - a +0 hat (worn)
 m - a cursed +0 cloak (worn)
Jewellery
 f - an amulet of regeneration (around neck)
 n - a ring of flight (left hand)
Wands
 u - a wand of fire (2/15)
Scrolls
 d - a scroll of fear {unknown}
 g - 2 scrolls of immolation {unknown}
 h - 2 scrolls of remove curse {unknown}
 j - a scroll of recharging {unknown}
 k - a scroll of teleportation {unknown}
 l - 2 scrolls of identify {unknown}
 r - a scroll of enchant armour {unknown}
 s - a scroll of silence {unknown}
Books
 b - a book of Minor Magic

   Spells                             Type                      Level
   a - Magic Dart                     Conjuration                  1
   b - Blink                          Translocation                2
   c - Call Imp                       Summoning                    2
   d - Repel Missiles                 Charms/Air                   2
   e - Slow                           Hexes                        2
   f - Conjure Flame                  Conjuration/Fire             3
   g - Mephitic Cloud                 Conjuration/Poison/Air       3
 e - a book of Maledictions

   Spells                             Type                      Level
   a - Corona                         Hexes                        1
   b - Ensorcelled Hibernation        Hexes/Ice                    2
   c - Confuse                        Hexes                        3
   d - Tukima's Dance                 Hexes                        3
   e - Dazzling Spray                 Conjuration/Hexes            3
Comestibles
 c - 2 bread rations
 o - 4 meat rations
 p - 3 fruits
 q - 2 royal jellies
 v - a chunk of flesh
 w - a slice of pizza


   Skills:
 + Level 0.6 Short Blades
 - Level 1.7 Dodging
 + Level 2.1 Stealth
 - Level 5.7 Unarmed Combat
 + Level 3.1 Spellcasting
 - Level 1.0 Conjurations
 + Level 0.3 Hexes
   Level 1.0 Summonings
   Level 1.0 Translocations


You had 2 spell levels left.
You knew the following spells:

 Your Spells              Type           Power        Failure   Level  Hunger
a - Tukima's Dance        Hex            #.......     38%         3    ###....
c - Magic Dart            Conj           #...         12%         1    None
x - Confuse               Hex            #.......     38%         3    ###....
z - Ensorcelled Hibernat  Hex/Ice        #.....       24%         2    ##.....


Dungeon Overview and Level Annotations

Branches:
Dungeon (5/15)
 Temple: D:4-7

Altars:
Fedhas
Xom
The Shining One

Annotations:
D:4 Grinder
D:5 Prince Ribbit


Innate Abilities, Weirdness & Mutations

Your plain brown scales are hard (AC +6).
Your body does not fit into most forms of armour.
You are cold-blooded and may be slowed by cold attacks.


Message History

Prince Ribbit closely misses you.
Your magical contamination has completely faded away.
The crimson imp shouts, "Return whence thou came, thou quaking moldwarp zombie-fodder!"
Prince Ribbit misses you.
The crimson imp blinks!
The quokka twitches its whiskers.
Prince Ribbit hops awkwardly around.
Prince Ribbit hits you!
* * * LOW HITPOINT WARNING * * *
There is a stone staircase leading down, spattered with blood here.
Evoke which item? (* to show all) (? for menu, Esc to quit)
Zapping:
u - a wand of fire {zapped: 2} (will waste charges)
Press: ? - help, Shift-Dir - straight line, p - Prince Ribbit The bolt of fire hits Prince Ribbit.
Prince Ribbit is almost dead.
The bolt of fire hits the quokka.
You kill the quokka!
Evoking this partially-identified wand wasted a few charges.
Prince Ribbit hits you.
You die...

## ## ...............#.....#.#..
.# . ...........#......#.......
.# )## ...............##....#.#..
.##..######.#...#.###.##.#..#.#..
.......# #.#.<5#.# #.#.......#..
..#..#.# #.#...#.# #.......#.#.#
..#..#.# #.#..†#.# ###.##.##.#.#
.....#.# #.#..F#.# #.##.......
.....#.# #.....@.### #.#####.#.#
#.####.# #.........# #.......#.#
#......####.#..##.#.###########..
##..............)>......## #.....
#.####..##..............# #.####
#.#.........###....###..# #.#
#.#.##..##..# #...####'####.# #.#
#..##..###...#.......#.# #..
....##........#...⌠†..#.#


You could see Prince Ribbit and a crimson imp.

Vanquished Creatures
  A scorpion (D:5)
  A centaur skeleton (D:4)
  2 hounds (D:4)
  A worker ant (D:4)
  A hound skeleton (D:4)
  3 gnolls (D:3)
  4 adders
  A worm (D:2)
  2 giant geckos
  13 orcs
  3 giant cockroaches
  5 hobgoblins
  5 kobolds
  5 quokkas
  A bat (D:2)
  A giant newt (D:1)
  4 goblins
  4 rats
57 creatures vanquished.

Notes
Turn   | Place    | Note
--------------------------------------------------------------
     0 | D:1      | namelastname112 the Draconian Wizard began the quest for the Orb.
     0 | D:1      | Reached XP level 1. HP: 14/14 MP: 4/4
    74 | D:1      | Reached skill level 1 in Unarmed Combat
   239 | D:1      | Reached XP level 2. HP: 20/20 MP: 0/6
   497 | D:2      | Found a glowing golden altar of the Shining One.
   698 | D:2      | Reached XP level 3. HP: 26/26 MP: 4/7
   795 | D:2      | Found a shimmering altar of Xom.
   997 | D:3      | Found a blossoming altar of Fedhas.
  1280 | D:3      | Reached XP level 4. HP: 21/33 MP: 8/8
  1441 | D:3      | Reached skill level 4 in Unarmed Combat
  1879 | D:4      | Reached XP level 5. HP: 28/38 MP: 6/9
  1992 | D:4      | Reached skill level 5 in Unarmed Combat
  2018 | D:4      | Noticed Grinder
  2050 | D:4      | Paralysed by Grinder for 2 turns
  2060 | D:4      | Paralysed by Grinder for 3 turns
  2236 | D:4      | Paralysed by Grinder for 6 turns
  2249 | D:3      | Learned a level 2 spell: Ensorcelled Hibernation
  2253 | D:3      | Learned a level 3 spell: Confuse
  2257 | D:3      | Learned a level 3 spell: Tukima's Dance
  2379 | D:5      | Entered Level 5 of the Dungeon
  2408 | D:5      | Noticed Prince Ribbit
  2708 | D:5      | Reached XP level 6. HP: 42/45 MP: 3/10
  2775 | D:5      | HP: 1/45 [Prince Ribbit (11)]
  2776 | D:5      | Slain by Prince Ribbit

Vault maps used:
D:1:      minmay_arrival_five_plusses
D:2:      lemuel_round_altar, tso_metal_star
D:3:      fedhas_altar_3
D:4:      minmay_temple_entry_fiery, kennysheep_generic_room_13, uniq_grinder,
          uniq_blork_the_orc
D:5:      first_bread, kennysheep_generic_room_10, uniq_prince_ribbit1

Action                   |  1- 3 |  4- 6 || total
-------------------------+-------+-------++-------
Melee: Unarmed           |    10 |     6 ||    16
       Dagger            |    73 |   111 ||   184
 Cast: Magic Dart        |    30 |    13 ||    43
       Ensorcelled Hiber |       |     5 ||     5
Evoke: Wand              |       |     1 ||     1
  Use: Potion            |       |     3 ||     3
 Stab: Sleeping          |       |     1 ||     1
  Eat: Chunk             |       |     6 ||     6
